 Dungeon Crawl Stone Soup version 0.31-a0-1370-gf52a5a9ab3 (webtiles) character file.

Game seed: 13107478487618401402

477 Sonofthefire the Ruffian (level 7, 0/64 HPs)
             Began as an Octopode Shapeshifter on Dec 24, 2023.
             Slain by an Executioner (5 damage)
             ... on level 1 of the Abyss.
             The game lasted 00:04:37 (4181 turns).

Sonofthefire the Ruffian (Octopode Shapeshifter)    Turns: 4181, Time: 00:04:39

Health: 0/64       AC: 23    Str: 16    XL:     7   Next: 11%
Magic:  7/7        EV:  2    Int: 12    God:
Gold:   169        SH:  0    Dex: 11    Spells: 6/6 levels left

rFire   . .          .
                       - Unarmed
rCold   . . .        (no shield)
rNeg    . . .        (helmet currently unavailable)
rPois   +            (no amulet)
rElec   .            o - ring of see invisible
rCorr   .            s - ring of willpower
SInv    +            (no ring)
Will    +....        (no ring)
Stlth   +            (no ring)
HPRegen 0.30/turn    (no ring)
MPRegen 0.10/turn    (no ring)
                     (no ring)

%: no passive effects
@: tree-form, hasted, very quick
A: stationary, stasis, torment immunity, boosted hp, almost no armour,
(amphibious), 8 rings, (camouflage 1), (gelatinous body 1), (nimble swimmer 1),
(tentacles)
a: no special abilities


You were on level 1 of the Abyss.
You were a tree.
You visited 1 branch of the dungeon, and saw 4 of its levels.
You visited the Abyss 1 time.

You collected 169 gold pieces.

Inventory:

Missiles
 k - 3 throwing nets
Jewellery
 o - a ring of see invisible (left branch)
 s - a ring of willpower (right branch)
Talismans
 b - a beast talisman
 c - a flux talisman
Wands
 r - a wand of roots (12)
Scrolls
 d - 4 scrolls of identify
 f - 3 scrolls of enchant weapon {unknown}
 i - a scroll of fog {unknown}
 j - a scroll of teleportation {unknown}
 l - 2 scrolls of amnesia {unknown}
 q - a scroll of summoning {unknown}
Potions
 e - 2 potions of haste
 g - 3 potions of brilliance
 h - a potion of mutation {unknown}
 m - 2 potions of heal wounds {unknown}
 n - a potion of attraction {unknown}
 p - a potion of invisibility {unknown}


   Skills:
 - Level 1.0 Fighting
 - Level 2.0 Dodging
 + Level 7.9 Unarmed Combat
 - Level 3.0 Shapeshifting


You had 6 spell levels left.
You didn't know any spells.
Your spell library contained the following spells:

 Spells                   Type           Power      Damage    Failure   Level
 Slow                     Hex            0%         N/A       32%         1
 Cigotuvi's Dreadful Rot  Necr/Alch/Air  0%         N/A       45%         2
 Confusing Touch          Hex            0%         N/A       69%         3
 Sigil of Binding         Hex            0%         N/A       69%         3
 Vampiric Draining        Necr           0%         2d6       69%         3
 Ignite Poison            Fire/Alch      0%         N/A       97%         4
 Freezing Cloud           Conj/Ice/Air   0%         6-21      100%        5


Dungeon Overview and Level Annotations

Branches:
Dungeon (4/15)
 Temple: D:4-7

Altars:
Elyvilon
Vehumet
Wu Jian
Lugonu

Shops:
D:1 *   D:4 (

Portals:
Abyss: D:4


Innate Abilities, Weirdness & Mutations

You are a tree.
Your roots penetrate the ground, keeping you stationary.
You cannot be teleported.
You are immune to unholy pain and torment.
Your maximum health is greatly increased.
You cannot wear most types of armour.
((You are amphibious.))
You can wear up to eight rings at the same time.
((Your skin changes colour to match your surroundings (Stealth+).))
((Your rubbery body absorbs attacks. (AC +1, EV +1)))
((You are camouflaged when in or above water. (Stealth+)))
((You have tentacles for arms and can constrict up to eight enemies at once.))


Message History

Found a burning altar of Makhleb.
A chaos spawn comes into view.
A small abomination comes into view.
An Executioner comes into view.
The Executioner gives a hideous shriek!
Unknown command.
Okay, then.
As you read the scroll labelled ROIT GEBONLIMY, it crumbles to dust.
It is a scroll of identify.
e - 3 potions of haste
As you read the scroll of identify, it crumbles to dust.
g - 3 potions of brilliance Your transformation has ended.
You turn into a tree.
Your roots penetrate the ground.
The Executioner hits you!!
The Executioner hits you but does no damage. x2
The Executioner gestures.
The Executioner seems to speed up.
You feel yourself speed up. The Executioner hits you!
The Executioner hits you but does no damage. x4
The Executioner hits you.
The Executioner hits you but does no damage. x2
The Executioner hits you.
Okay, then.
You closely miss the Executioner.
The Executioner hits you but does no damage. x6
You miss the Executioner. The Executioner hits you!
* * * LOW HITPOINT WARNING * * *
The Executioner hits you but does no damage. x5
You hit the Executioner.
The Executioner is lightly wounded.
The Executioner hits you but does no damage. x3
You miss the Executioner.
The Executioner is lightly wounded.
The Executioner hits you!
* * * LOW HITPOINT WARNING * * *
The Executioner completely misses you.
The Executioner hits you but does no damage.
The Executioner hits you.
You die...

## # .#. #
###.##
#...##.#
#....# ## #
# #
....##.##.
#.#
##.1......
#.# ###
#.♣##.##
....###..
#####..###.
#.... ##...
. .. .
#...#.1
....# #
#..##.....
## ## ..
#...... # #
... ##.#.
.## ### ..
# # ....##.
## #.#
..#...##.
.§.#


You could see an Executioner (fast).

Vanquished Creatures
  Eustachio (D:4)
  2 phantoms (D:4)
  A hound (D:4)
  Terence (D:2)
  An adder (D:3)
  4 gnolls (D:2)
  A bombardier beetle (D:3)
  A worm (D:4)
  3 dart slugs
  4 orcs (D:3)
  8 endoplasms
  2 giant cockroaches
  6 goblins
  5 hobgoblins
  8 kobolds
  3 quokkas
  5 ball pythons
  5 bats
  3 frilled lizards
  4 rats
68 creatures vanquished.

Notes
Turn   | Place    | Note
-------+----------+-------------------------------------------
     0 | D:1      | Sonofthefire the Octopode Shapeshifter began the quest for
                  | the Orb.
     0 | D:1      | Reached XP level 1. HP: 13/13 MP: 1/1
    59 | D:1      | Reached XP level 2. HP: 18/18 MP: 2/2
   118 | D:1      | Found Decsibya's Assorted Antiques.
   415 | D:1      | Reached skill level 4 in Unarmed Combat
   450 | D:1      | Reached XP level 3. HP: 23/23 MP: 3/3
   681 | D:2      | Found a white marble altar of Elyvilon.
   780 | D:2      | Noticed Terence
   915 | D:2      | Reached XP level 4. HP: 17/28 MP: 4/4
   928 | D:2      | Reached skill level 5 in Unarmed Combat
  1038 | D:2      | Found a faded altar of an unknown god.
  1271 | D:2      | Killed Terence
  1641 | D:3      | Reached XP level 5. HP: 33/33 MP: 5/5
  2595 | D:4      | Noticed a phantom
  2609 | D:4      | Killed a phantom
  2610 | D:4      | Reached skill level 6 in Unarmed Combat
  2610 | D:4      | Reached XP level 6. HP: 22/38 MP: 6/6
  2718 | D:4      | Found Voasudio's Antique Weapon Shoppe.
  2942 | D:4      | Found a radiant altar of Vehumet.
  2943 | D:4      | Found an ornate altar of the Wu Jian Council.
  2950 | D:4      | Reached skill level 7 in Unarmed Combat
  2963 | D:4      | Identified the +8 quarterstaff of the Throat {heavy, SInv}
  3052 | D:4      | Noticed Eustachio
  3066 | D:4      | Killed Eustachio
  3067 | D:4      | Reached XP level 7. HP: 11/43 MP: 7/7
  3269 | D:4      | Found a large runed translucent door.
  3270 | D:4      | Found a large runed translucent door.
  3272 | D:4      | Found a corrupted altar of Lugonu.
  3447 | D:4      | Found a one-way gate to the infinite horrors of the Abyss.
  3484 | D:4      | Found a corrupted altar of Lugonu.
  3847 | D:4      | Found a radiant altar of Vehumet.
  3848 | D:4      | Found an ornate altar of the Wu Jian Council.
  3882 | D:4      | Found Voasudio's Antique Weapon Shoppe.
  3980 | D:4      | Found a one-way gate to the infinite horrors of the Abyss.
  4137 | D:4      | Voluntarily entered the Abyss.
  4152 | Abyss:1  | Found a burning altar of Makhleb.
  4154 | Abyss:1  | Noticed a chaos spawn
  4168 | Abyss:1  | Noticed a small abomination
  4169 | Abyss:1  | Noticed an Executioner
  4181 | Abyss:1  | Slain by an Executioner

Illustrated notes

Levels and vault maps discovered:
D:1:      lightli_arrival_noodles, layout_loops_ring, serial_shops, shop,
          grunt_decor_resistance, due_unseen_surprise
D:2:      layout_basic, shapermc_ecumenical_altar_mp_ritualfount, basic_altar,
          uniq_terence
D:3:      layout_basic
D:4:      due_chaos_kobolds, layout_basic, nicolae_overflow_two_pavilions,
          serial_shops, nicolae_shop_hallway_stairs, uniq_eustachio
Abyss:1:  base:
D:1

Skill      XL: |  1  2  3  4  5  6 |
---------------+-------------------+-----
Unarmed Combat | 4 5 6 7 |  7.9
Fighting       | |  1.0
Dodging        | |  2.0
Shapeshifting  | |  3.0

Action                     |  1- 3 |  4- 6 |  7- 9 || total
---------------------------+-------+-------+-------++-------
  Melee: Unarmed           |    58 |    84 |    13 ||   155
         Constrict         |     8 |    15 |     1 ||    24
         Tentacles         |     4 |    16 |     2 ||    22
         Punch             |       |     3 |       ||     3
    Use: Scroll            |       |       |     2 ||     2
         Potion            |       |       |     2 ||     2
   Stab: Sleeping          |     4 |     1 |       ||     5
         Distracted        |       |     1 |     1 ||     2
 Armour: Skin              |    24 |    36 |    32 ||    92
  Dodge: Dodged            |    31 |    56 |     4 ||    91

Table legend: (Time is in decaauts)
 A = Elapsed time spent in this place.
 B = Non-inter-level travel time spent in this place.
 C = Inter-level travel time spent in this place.
 D = Time resting spent in this place.
 E = Time spent auto-exploring this place.
 F = Levels seen in this place.
 G = Mean time per level.
                   A        B        C        D        E       F      G
               +--------+--------+--------+--------+--------+-----+--------+
         Total |   4162 |   4070 |     92 |    659 |   2900 |   5 |  832.4 |
       Dungeon |   4120 |   4028 |     92 |    659 |   2885 |   4 | 1030.0 |
         Abyss |     42 |     42 |      0 |      0 |     15 |   1 |   42.0 |
               +--------+--------+--------+--------+--------+-----+--------+

Top non-repeatable levels by time:
     D:4: 1697 daAuts
     D:3: 940 daAuts
     D:2: 768 daAuts
     D:1: 714 daAuts
 Abyss:1: 42 daAuts
